 Dungeon Crawl Stone Soup version 0.26.0-10-g1f06aea511 (webtiles) character file.

Game seed: 17321429508283522960

30629 Arum the Fighter (level 13, -3/113 HPs)
             Began as a Formicid Fighter on Jan 16, 2021.
             Was the Champion of Okawaru.
             Slain by a dire elephant (23 damage)
             ... on level 15 of the Dungeon.
             The game lasted 00:32:57 (12722 turns).

Arum the Fighter (Formicid Fighter)                Turns: 12722, Time: 00:32:57

Health: -3/113     AC: 15    Str: 32    XL:     13   Next: 90%
Magic:  27/27      EV: 13    Int:  9    God:    Okawaru [******]
Gold:   944        SH: 20    Dex: 10    Spells: 12/12 levels left

rFire    . . .     SeeInvis +   o - +3 quarterstaff (chaos)
rCold    . . .     Faith    .   c - +1 kite shield
rNeg     + . .     Spirit   .   z - +0 scale mail of Demons {rN+ Regen+ Str+7 Stlth-} (curse)
rPois    .         Reflect  +   (helmet unavailable)
rElec    .         Harm     .   p - +0 cloak
rCorr    .         Rampage  .   e - +0 pair of gloves "Abbuory" {Stlth+}
Will     +....                  b - +0 pair of boots (curse)
Stlth    +.........             M - amulet of reflection
HPRegen  0.68/turn              H - ring of flight
MPRegen  0.20/turn              L - ring of magical power

@: lethally poisoned (-3 -> -3), heroism
A: permanent stasis, dig shafts and tunnels, four strong arms, antennae 3
a: Dig, Shaft Self, Renounce Religion, Evoke Flight, Heroism, Finesse


You were on level 15 of the Dungeon.
You worshipped Okawaru.
Okawaru was exalted by your worship.
You visited 1 branch of the dungeon, and saw 15 of its levels.

You collected 1224 gold pieces.
You spent 280 gold pieces at shops.

Inventory:

Hand Weapons
 a - a +0 quarterstaff
 o - a +3 quarterstaff of chaos (weapon)
 R - a +0 quarterstaff of freezing
Missiles
 f - 8 javelins
 B - 2 throwing nets
Armour
 b - a cursed +0 pair of boots (worn)
 c - a +1 kite shield (worn)
 e - the +0 pair of gloves "Abbuory" (worn) {Stlth+}
   (You found it on level 14 of the Dungeon)

   It makes you more stealthy.
 p - a +0 cloak (worn)
 z - the cursed +0 scale mail of Demons (worn) {rN+ Regen+ Str+7 Stlth-}
   (You bought it in a shop on level 6 of the Dungeon)

   It affects your strength (+7).
   It protects you from negative energy.
   It increases your rate of regeneration.
   It makes you less stealthy.
   It has a curse placed upon it.
 S - a scarf of invisibility
Jewellery
 j - an uncursed amulet of the acrobat
 H - a ring of flight (left hand)
 L - a ring of magical power (right hand)
 M - an amulet of reflection (around neck)
 Q - an uncursed ring of ice
Wands
 v - a wand of disintegration (24)
 y - a wand of random effects (27)
 C - a wand of polymorph (6)
 D - a wand of paralysis (8)
 E - a wand of iceblast (39)
 I - a wand of enslavement (7)
 N - a wand of flame (16)
 O - a wand of acid (16)
Scrolls
 h - 4 scrolls of enchant armour
 k - 11 scrolls of identify
 l - 13 scrolls of teleportation {unknown}
 n - 7 scrolls of remove curse {unknown}
 q - a scroll of magic mapping
 w - a scroll of amnesia
 x - a scroll of enchant weapon
 A - 2 scrolls of noise
 J - 2 scrolls of immolation
 U - a scroll of blinking {unknown}
Potions
 d - 2 potions of might
 g - 6 potions of heal wounds
 i - 6 potions of lignification
 m - 4 potions of invisibility
 r - a potion of resistance
 s - 3 potions of brilliance
 t - 3 potions of curing
 u - 4 potions of flight
 F - a potion of ambrosia
 G - a potion of berserk rage
 K - a potion of cancellation {unknown}
 P - 2 potions of haste {unknown}
 T - a potion of magic {unknown}


   Skills:
 + Level 14.1(19.1) Fighting
 + Level 12.9(17.9) Staves
 + Level 10.9(15.9) Armour
 - Level 9.0(14.0) Shields
 - Level 7.0 Invocations
 + Level 3.0 Evocations


You had 12 spell levels left.
You didn't know any spells.
Your spell library contained the following spells:

 Spells                   Type           Power        Failure   Level
 Beastly Appendage        Tmut           0%           54%         1
 Corona                   Hex            0%           54%         1
 Shock                    Conj/Air       0%           54%         1
 Summon Small Mammal      Summ           0%           54%         1
 Call Imp                 Summ           0%           67%         2
 Ensorcelled Hibernation  Hex/Ice        0%           67%         2
 Wereblood                Tmut           0%           67%         2
 Call Canine Familiar     Summ           0%           88%         3
 Confusing Touch          Hex            0%           88%         3
 Dazzling Flash           Conj/Hex       0%           88%         3
 Gell's Gravitas          Tloc           0%           88%         3
 Spider Form              Tmut/Pois      0%           88%         3
 Static Discharge         Conj/Air       0%           88%         3
 Summon Guardian Golem    Hex/Summ       0%           88%         3
 Tukima's Dance           Hex            0%           88%         3
 Airstrike                Air            0%           99%         4
 Ice Form                 Ice/Tmut       0%           99%         4
 Petrify                  Tmut/Erth      0%           99%         4
 Summon Ice Beast         Ice/Summ       0%           99%         4
 Summon Lightning Spire   Summ/Air       0%           99%         4
 Blade Hands              Tmut           0%           100%        5
 Lightning Bolt           Conj/Air       0%           100%        5
 Metabolic Englaciation   Hex/Ice        0%           100%        5
 Yara's Violent Unravell  Hex/Tmut       0%           100%        5
 Swiftness                Air            Unusable     N/A         2

Dungeon Overview and Level Annotations

Branches:
Dungeon (15/15)            Temple (0/1) D:7            Lair (0/6) D:8
    Orc (0/2) D:10         Vaults (0/5) D:14         Depths (0/5) D:15

Altars:
Ashenzari
Makhleb
Nemelex Xobeh
Okawaru
Ru
Sif Muna
Uskayaw
Zin

Shops:
D:6 [   D:10 [

Annotations:
D:12 3 runed translucent doors, puimuR's ghost, journeyman MfWz


Innate Abilities, Weirdness & Mutations

You cannot be hasted, slowed, berserked, paralysed or teleported.
You can dig through walls and to a lower floor.
Your four strong arms can wield two-handed weapons with a shield.
You have a pair of large antennae on your head. (SInv)


Message History

Unknown command.
You feel sick.
The dire elephant is no longer petrified.
The dire elephant tramples you but does no damage.
The dire elephant trunk-slaps you but does no damage.
Unknown command.
You sock the dire elephant! You drain the dire elephant.
The dire elephant is heavily wounded.
Unknown command.
You hit the dire elephant but do no damage.
The dire elephant is heavily wounded.
You feel sick. The dire elephant tramples you!!
* * * LOW HITPOINT WARNING * * *
You hold your ground!
You block the dire elephant's attack.
Unknown command.
You sock the dire elephant!
The dire elephant is severely wounded.
You block the dire elephant's attack. x2
The dire elephant tramples you!!
You die...

## #. ...# .. ...# #...#
#+##..# #...# ...#..+
#...#.....e.
...#..########...#.....<.
.. #.............#.......
####.............#...{...
(................#.......
................@#.......
(...........)..Y.#.......
(..########.....#...)....
...#{ #.≈...≈...+........
)).#......#.....#........
..)####.####.#..#........
....# # #..#..+........
....# #.≈#..######...
....# #..J...#... ...


You could see a dire elephant (invisible, drained).

Vanquished Creatures
  Nessos (D:12)
  Fannar (D:12)
  A vault guard (D:14)
  A hydra (D:14)
  3 death knights
  A tengu warrior (D:14)
  3 two-headed ogres
  Sonja (D:13)
  2 unseen horrors
  3 skeletal warriors (D:14)
  A phantasmal warrior (D:14)
  A wolf spider (D:15)
  3 manticores
  A cyclops (D:14)
  An ugly thing (D:13)
  Psyche (D:10)
  A freezing wraith (D:14)
  A tengu conjurer (D:13)
  4 trolls
  A hornet (D:12)
  A meliai (D:14)
  7 slime creatures
  A vampire (D:14)
  8 wraiths
  A shadow (D:15)
  3 wyverns
  20 yaks
  A vampire mosquito (D:14)
  Menkaure (D:5)
  3 wargs (D:8)
  8 orc warriors
  2 ice beasts
  4 black bears
  2 eyes of draining
  3 sky beasts
  A black bear (shapeshifter) (D:14)
  2 phantoms
  A wolf (D:9)
  11 ogres
  12 centaurs
  5 big kobolds
  6 bullfrogs
  4 scorpions
  19 killer bees
  4 wights (D:14)
  2 howler monkeys (D:7)
  3 centaur zombies
  9 hounds
  2 jellies
  8 orc priests
  5 gnoll shamans (D:9)
  15 orc wizards
  Crazy Yiuf (D:4)
  A bullfrog skeleton (D:4)
  Ijyb (D:5)
  5 iguanas
  11 worker ants
  A killer bee zombie (D:6)
  A hound zombie (D:6)
  3 worker ant zombies
  14 gnolls
  5 adders
  A shadow imp (D:7)
  2 white imps
  5 ufetubi
  An ooze (D:5)
  An adder skeleton (D:4)
  An adder zombie (D:5)
  5 worms
  5 dart slugs
  4 leopard geckos
  65 orcs
  8 giant cockroaches
  8 goblins
  5 hobgoblins
  9 jackals
  24 kobolds
  6 quokkas
  A ball python (D:3)
  5 bats
  6 frilled lizards
  2 jackal skeletons (D:4)
  A jackal zombie (D:5)
  A quokka skeleton (D:5)
  7 rats
422 creatures vanquished.

Vanquished Creatures (collateral kills)
  An orc priest (D:12)
1 creature vanquished.

Vanquished Creatures (others)
  A water moccasin zombie (D:10)
  5 fungi (D:9)
  9 plants
15 creatures vanquished.

Grand Total: 438 creatures vanquished

Notes
Turn   | Place    | Note
-------+----------+-------------------------------------------
     0 | D:1      | Arum the Formicid Fighter began the quest for the Orb.
     0 | D:1      | Reached XP level 1. HP: 18/18 MP: 1/1
   164 | D:1      | Reached XP level 2. HP: 24/24 MP: 2/2
   706 | D:1      | Reached XP level 3. HP: 29/29 MP: 3/3
  1220 | D:2      | Reached XP level 4. HP: 37/37 MP: 4/4
  1327 | D:2      | Found a glowing silver altar of Zin.
  1330 | D:2      | Found a sparkling altar of Nemelex Xobeh.
  1332 | D:2      | Found a hide-covered altar of Uskayaw.
  1360 | D:2      | You fall into a shaft and drop 2 floors!
  1383 | D:4      | Found a runed translucent door.
  1384 | D:4      | Noticed Crazy Yiuf
  1390 | D:4      | Killed Crazy Yiuf
  1391 | D:4      | Reached skill level 4 in Fighting
  1470 | D:4      | Reached XP level 5. HP: 42/42 MP: 5/5
  1502 | D:4      | Found an iron altar of Okawaru.
  1511 | D:4      | Became a worshipper of Warmaster Okawaru
  1515 | D:4      | Noticed an ogre
  1524 | D:4      | Killed an ogre
  1525 | D:4      | Reached skill level 5 in Shields
  1525 | D:4      | Reached XP level 6. HP: 40/49 MP: 6/6
  1698 | D:4      | Found a broken altar of Ashenzari.
  1727 | D:4      | Noticed Blork the orc
  1742 | D:4      | Noticed Blork
  1742 | D:4      | Blork the orc changed into Blork the black bear
  1749 | D:4      | Killed Blork the black bear
  1750 | D:4      | Reached XP level 7. HP: 19/55 MP: 7/7
  1814 | D:3      | Reached * piety under Okawaru
  1919 | D:4      | Reached skill level 5 in Fighting
  1919 | D:4      | Reached skill level 5 in Armour
  3959 | D:5      | Entered Level 5 of the Dungeon
  3985 | D:5      | Noticed Menkaure
  3992 | D:5      | Killed Menkaure
  3993 | D:5      | Reached XP level 8. HP: 43/64 MP: 8/8
  4154 | D:5      | Reached ** piety under Okawaru
  4155 | D:5      | Reached skill level 6 in Fighting
  4208 | D:5      | Reached skill level 5 in Staves
  4442 | D:5      | Noticed Ijyb
  4448 | D:5      | Killed Ijyb
  5001 | D:6      | Found a glowing silver altar of Zin.
  5205 | D:6      | Reached skill level 7 in Fighting
  5205 | D:6      | Reached XP level 9. HP: 72/72 MP: 9/9
  5223 | D:6      | Found Sama's Armour Emporium.
  5234 | D:6      | Bought the cursed +0 scale mail of Demons {rN+ Regen+ Str+7
                  | Stlth-} for 280 gold pieces
  5893 | D:7      | Found a staircase to the Ecumenical Temple.
  6076 | D:7      | Found a shimmering blue altar of Sif Muna.
  6147 | D:7      | Reached *** piety under Okawaru
  6277 | D:7      | Reached skill level 8 in Fighting
  6493 | D:7      | Found a sacrificial altar of Ru.
  6695 | D:8      | Found a staircase to the Lair.
  6718 | D:8      | Reached skill level 9 in Fighting
  6718 | D:8      | Reached XP level 10. HP: 75/83 MP: 10/10
  6804 | D:8      | Reached **** piety under Okawaru
  6838 | D:8      | Found a burning altar of Makhleb.
  7387 | D:9      | Reached skill level 10 in Fighting
  7691 | D:9      | Reached ***** piety under Okawaru
  8089 | D:9      | Reached skill level 11 in Fighting
  8089 | D:9      | Reached XP level 11. HP: 93/93 MP: 11/11
  8421 | D:9      | Reached skill level 10 in Staves
  8503 | D:10     | Entered Level 10 of the Dungeon
  8504 | D:10     | Found Zueceiqu's Armour Shoppe.
  8504 | D:10     | Found a staircase to the Orcish Mines.
  8504 | D:10     | Noticed Psyche
  8516 | D:10     | Killed Psyche
  8521 | D:10     | Received a gift from Okawaru
  8778 | D:10     | Noticed a two-headed ogre
  8786 | D:10     | Killed a two-headed ogre
  9336 | D:11     | Reached skill level 12 in Fighting
  9648 | D:12     | Noticed Fannar
  9684 | D:12     | Killed Fannar
  9825 | D:12     | Reached XP level 12. HP: 102/102 MP: 12/12
  9921 | D:12     | Found a runed translucent gate.
  9921 | D:12     | Found a runed translucent gate.
  9921 | D:12     | Found a runed translucent gate.
  9921 | D:12     | Found an iron altar of Okawaru.
  9921 | D:12     | Noticed a centaur warrior
  9921 | D:12     | Noticed a deep elf knight
  9921 | D:12     | Noticed a tengu warrior
  9921 | D:12     | Noticed a tengu warrior
  9921 | D:12     | Noticed puimuR's ghost (journeyman MfWz)
  9964 | D:12     | Noticed Nessos
  9976 | D:12     | Killed Nessos
  9976 | D:12     | Received a gift from Okawaru
 10035 | D:12     | Noticed a death knight
 10058 | D:12     | Killed a death knight
 10347 | D:12     | Reached skill level 1 in Invocations
 10693 | D:12     | Noticed a two-headed ogre
 10705 | D:12     | Killed a two-headed ogre
 10955 | D:13     | Reached skill level 13 in Fighting
 10972 | D:13     | Noticed Sonja
 10988 | D:13     | Noticed an unseen horror
 10991 | D:13     | Killed Sonja
 11008 | D:13     | Killed an unseen horror
 11592 | D:14     | Found a broken altar of Ashenzari.
 11651 | D:14     | Noticed a skeletal warrior
 11667 | D:14     | Reached ****** piety under Okawaru
 11667 | D:14     | Received a gift from Okawaru
 11668 | D:14     | Reached XP level 13. HP: 100/111 MP: 16/16
 11688 | D:14     | Reached skill level 5 in Invocations
 11824 | D:14     | Reached skill level 10 in Armour
 11850 | D:14     | Got a pair of ancient gloves
 11854 | D:14     | Identified the +0 pair of gloves "Abbuory" {Stlth+} (You
                  | found it on level 14 of the Dungeon)
 12243 | D:14     | Noticed an eight-headed hydra
 12246 | D:14     | Noticed a vault guard
 12252 | D:14     | Killed a vault guard
 12253 | D:14     | Reached skill level 1 in Evocations
 12261 | D:14     | Killed an eight-headed hydra
 12277 | D:14     | Reached skill level 14 in Fighting
 12353 | D:14     | Found a gate to the Vaults.
 12438 | D:14     | Received a gift from Okawaru
 12492 | D:15     | Entered Level 15 of the Dungeon
 12685 | D:15     | Found a staircase to the Depths.
 12685 | D:15     | Noticed a dire elephant
 12722 | D:15     | Slain by a dire elephant

Illustrated notes

Levels and vault maps discovered:
D:1:      tarquinn_simple_flora_water_f, layout_basic
D:2:      layout_rooms, minitemple, grunt_ministairs_10
D:3:      layout_basic
D:4:      layout_cave_pools, lemuel_crystal_altar, nicolae_ashenzari_panopticon,
          corexii_item_surrounded_by_moat, bh_walls_and_bars,
          uniq_crazy_yiuf_cottage, uniq_blork_the_orc
D:5:      layout_rooms, serial_park_tiny_1, uniq_menkaure, uniq_ijyb
D:6:      layout_basic, serial_shops, shop, basic_altar,
          hangedman_abyss_or_decor_stabs
D:7:      layout_loops_ring, led_sif_pool, general_overflow_altar,
          minmay_temple_entry_slanted, corexii_checkpoint_a
D:8:      layout_rooms, overflow_temple_1_default, erik_lair_orcish_takeover,
          special_room [special_room_orc], glass_columns_a
D:9:      kennysheep_seaside_town, layout_loops_ring
D:10:     layout_basic, orc_david_3, lemuel_another_geyser, uniq_psyche
D:11:     layout_big_octagon
D:12:     layout_irregular_city, gammafunk_ghost_fury_of_okawaru, uniq_nessos,
          uniq_fannar
D:13:     layout_rooms, uniq_sonja
D:14:     layout_roguey, david_vaults_5, basic_altar
D:15:     hangedman_depths_entry_try_elsewhere_first, layout_irregular_city,
          small_statue_intersection, serial_shops, shop

Skill      XL: |  1  2  3  4  5  6  7  8  9 10 11 12 13 |
---------------+----------------------------------------+-----
Shields        | 4 5 6 7 9 |  9.0
Fighting       | 4 5 7 9 11 12 13 14 | 14.1
Armour         | 4 5 7 9 10 | 10.9
Staves         | 3 4 5 7 9 11 12 | 12.9
Invocations    | 4 7 |  7.0
Evocations     | 3 |  3.0

Action                   |  1- 3 |  4- 6 |  7- 9 | 10-12 | 13-15 || total
-------------------------+-------+-------+-------+-------+-------++-------
Melee: Quarterstaff      |   140 |    84 |   467 |   647 |   266 ||  1604
Invok: Heroism           |       |       |     4 |     7 |     5 ||    16
 Abil: Dig               |       |     1 |     8 |     5 |     1 ||    15
Evoke: Wand              |       |       |       |     1 |     1 ||     2
  Use: Scroll            |       |       |       |    17 |     1 ||    18
 Stab: Paralysed         |       |       |     3 |     5 |    10 ||    18
       Confused          |       |       |     1 |       |       ||     1
       Petrifying        |       |       |       |       |     3 ||     3
       Petrified         |       |       |       |       |     3 ||     3
Armor: Scale mail        |    68 |    26 |   141 |   133 |    44 ||   412
Dodge: Dodged            |    59 |    28 |   176 |   128 |    46 ||   437
Block: Kite shield       |    81 |    43 |   302 |   393 |   162 ||   981
       Reflection        |       |       |       |     8 |     9 ||    17
